 Dungeon Crawl Stone Soup version 0.17-a0-1632-g0af21bd (webtiles) character file.

871 urechis the Grappler (level 7, -2/71 HPs)
             Began as a Troll Monk on Aug 3, 2015.
             Slain by a killer bee (3 damage)
             ... on level 5 of the Dungeon.
             The game lasted 00:04:28 (3853 turns).

urechis the Grappler (Troll Monk)                   Turns: 3853, Time: 00:04:28

Health: -2/71      AC:  8    Str: 23    XL:     7   Next: 73%
Magic:  6/6        EV: 10    Int: 11    God:
Gold:   163        SH:  0    Dex: 14    Spells: 0 memorised, 6 levels left

rFire  . . .     SeeInvis .       - Unarmed
rCold  . . .     Clarity  .     t - +2 robe {rN+}
rNeg   + . .     SustAt   .     (no shield)
rPois  .         Gourm    +     (helmet restricted)
rElec  .         Spirit   .     a - +0 cloak (curse)
rCorr  .         Warding  .     (gloves unavailable)
rMut   .         Stasis   .     (boots unavailable)
MR     .....                    (no amulet)
Stlth  ++........               (no ring)
                                p - +3 ring of strength

@: brilliant, lethally poisoned (-2 -> -10), not resistant to hostile
enchantments, unstealthy
A: unfitting armour, claws 3, fast metabolism 3, gourmand, regeneration 2,
shaggy fur 1, tough skin 2
a: no special abilities


You were on level 5 of the Dungeon.
You were very full.

You visited 1 branch of the dungeon, and saw 5 of its levels.

You collected 193 gold pieces.
You spent 30 gold pieces at shops.

Inventory:

Armour
 a - a cursed +0 cloak (worn)
 t - a +2 robe of positive energy (worn)
Jewellery
 p - a +3 ring of strength (left claw)
Scrolls
 c - 5 scrolls of remove curse {unknown}
 d - 2 scrolls of magic mapping {unknown}
 e - a scroll of random uselessness {unknown}
 g - a scroll of immolation {unknown}
 h - 5 scrolls of teleportation {unknown}
 n - 2 scrolls of noise {unknown}
 o - 2 scrolls of blinking {unknown}
 q - 2 scrolls of fear {unknown}
 r - a scroll of recharging {unknown}
 u - 5 scrolls of identify {unknown}
 x - a scroll of enchant armour {unknown}
Potions
 f - 2 potions of brilliance
 i - 3 potions of heal wounds {unknown}
 j - 3 potions of haste {unknown}
 l - a potion of agility {unknown}
 m - a potion of mutation {unknown}
 v - a potion of resistance {unknown}
 w - a potion of cure mutation {unknown}
 A - a potion of magic {unknown}
Comestibles
 b - 8 bread rations
 k - 2 beef jerkies
 s - a meat ration
 z - 3 fruits
 B - a chunk of flesh


   Skills:
 + Level 4.8 Fighting
 - Level 2.4 Dodging
 - Level 1.1 Stealth
 * Level 8.3 Unarmed Combat


You had 6 spell levels left.
You didn't know any spells.

Dungeon Overview and Level Annotations

Branches:
Dungeon (5/15)             Temple (0/1) D:5

Altars:
Trog
Yredelemnul

Shops:
D:4 *


Innate Abilities, Weirdness & Mutations

You are too large for most types of armour.
You have claws for hands.
Your metabolism is lightning-fast.
You like to eat raw meat.
You heal very quickly.
You are covered in fur (AC +1).
You have very tough skin (AC +2).


Message History

The killer bee stings you.
* * * LOW HITPOINT WARNING * * *
You miss the killer bee.
You feel sick. The killer bee completely misses you.
The killer bee stings you but does no damage.
You claw the killer bee!
The killer bee is almost dead.
You feel sick. The killer bee barely misses you.
You miss the killer bee.
The killer bee is almost dead.
You feel sick. The killer bee stings you.
* * * LOW HITPOINT WARNING * * *
You are lethally poisoned!
The killer bee poisons you! The killer bee stings you!
* * * LOW HITPOINT WARNING * * *
Drink which item? (? for menu, Esc to quit)
It was a potion of brilliance.
You feel clever all of a sudden.
* * * LOW HITPOINT WARNING * * *
You feel sick. The killer bee stings you.
You die...

###.###
##........
#.....#
##.######
#.....# #.# #
#.....# #.# #
#.....# #.# #
#.....# #.# #
#.yy..# #.# #
#y# #.# #
#@#########.#
#
#%..........#
#
#.###########
#### #.# #<#
#.# #.## #.#
#... #.# #.##
#.# #.# #.
#.#


You could see 3 killer bees.

Vanquished Creatures
  Sigmund (D:3)
  An ogre (D:4)
  2 centaurs
  A scorpion (D:3)
  A gnoll shaman (D:4)
  An orc wizard (D:4)
  A hound (D:4)
  Ijyb (D:3)
  An iguana (D:5)
  A hound zombie (D:5)
  12 gnolls
  8 adders
  An ooze (D:1)
  3 worms
  An adder skeleton (D:4)
  10 orcs
  A ball python (D:3)
  2 giant cockroaches
  11 hobgoblins
  A quokka (D:2)
  5 bats
  5 giant geckos
  6 giant newts
  7 goblins
  5 kobolds
  4 rats
93 creatures vanquished.

Vanquished Creatures (others)
  A wizard (D:4)
1 creature vanquished.

Grand Total: 94 creatures vanquished

Notes
Turn   | Place    | Note
--------------------------------------------------------------
     0 | D:1      | urechis the Troll Monk began the quest for the Orb.
     0 | D:1      | Reached XP level 1. HP: 22/22 MP: 0/0
   116 | D:1      | Reached XP level 2. HP: 23/29 MP: 1/1
   823 | D:2      | Reached XP level 3. HP: 31/36 MP: 2/2
  1133 | D:2      | Reached skill level 5 in Unarmed Combat
  1308 | D:2      | Reached XP level 4. HP: 45/45 MP: 3/3
  1470 | D:2      | Reached XP level 5. HP: 47/53 MP: 4/4
  1795 | D:3      | Found a basalt altar of Yredelemnul.
  1943 | D:3      | Noticed Sigmund
  1954 | D:3      | Killed Sigmund
  1954 | D:3      | Reached skill level 6 in Unarmed Combat
  1954 | D:3      | Reached XP level 6. HP: 48/62 MP: 5/5
  2234 | D:3      | Noticed Ijyb
  2240 | D:3      | Killed Ijyb
  2669 | D:4      | Reached skill level 7 in Unarmed Combat
  2691 | D:4      | Found Meeraug's Assorted Antiques.
  2706 | D:4      | Bought a scroll labeled TORHUU HATA for 30 gold pieces
  2726 | D:4      | Reached XP level 7. HP: 66/70 MP: 6/6
  3242 | D:4      | Found a bloodstained altar of Trog.
  3243 | D:4      | Noticed a wizard
  3249 | D:4      | Killed a wizard
  3555 | D:5      | Entered Level 5 of the Dungeon
  3568 | D:5      | Found a staircase to the Ecumenical Temple.
  3645 | D:5      | Reached skill level 8 in Unarmed Combat
  3852 | D:5      | HP: 3/71 [killer bee (7)]
  3853 | D:5      | HP: 1/71 [poisoned by a killer bee]
  3853 | D:5      | Slain by a killer bee

Vault maps used:
D:1:      minmay_arrival_solitary_statue
D:2:      first_bread
D:3:      overflow_temple_1_default, uniq_sigmund, uniq_iyjb
D:4:      serial_shops, nicolae_shop_statue_plus, minmay_misc_feat_pillars,
          trog_wizard
D:5:      gammafunk_temple_overflow_elements, minmay_temple_entry_glass,
          item_on_display_a

Action                   |  1- 3 |  4- 6 |  7- 9 || total
-------------------------+-------+-------+-------++-------
Melee: Unarmed           |    94 |   104 |    71 ||   269
  Use: Potion            |       |       |     1 ||     1
 Stab: Sleeping          |     4 |     2 |       ||     6
  Eat: Chunk             |    14 |    12 |    13 ||    39
